General information
- name: BNet
- type: Ladder 1vs1/FFA
- host: Battle.net
- saver: ZombieMachoMan
map: LostTemple
- players: 2
- length: 53:37
- speed: Fast
- version: 1.26 W3XP
- replay type: Public
» download(165 KB)
Players
team 1 (loser)
billenbocker (
teal | 52 APM | 2780 actions | 53:25)
4 Keeper of the Grove
2 Force of Nature
2 Entangling Roots
3 Priestess of the Moon
2 Trueshot Aura
1 Searing Arrows
2 Demon Hunter
1 Mana Burn
1 Evasion
» actions
| Assign group hotkey | 2 | |
| Basic commands | 1 | |
| Build / train | 141 | |
| Enter build submenu | 39 | |
| Enter hero's abilities submenu | 9 | |
| Give item / drop item | 3 | |
| Right click | 1818 | |
| Select / deselect | 648 | |
| Use ability | 119 | |
2780 total
» units
| Wisp | 33 | |
| Huntress | 5 | |
| Glaive Thrower | 4 | |
| Hippogryph | 36 | |
| Chimaera | 3 | |
| Druid of the Talon | 32 | |
113 total
» upgrades
| Moon Armor | 1 | |
| Strength of the Moon | 1 | |
| Corrosive Breath | 1 | |
| Sentinel | 1 | |
| Druid of the Talon Training | 3 | |
| Mark of the Talon | 1 | |
8 total
» buildings
| Altar of Elders | 1 | |
| Moon Well | 19 | |
| Hunter's Hall | 2 | |
| Ancient of Wonders | 1 | |
| Ancient of War | 2 | |
| Tree of Ages | 1 | |
| Tree of Eternity | 1 | |
| Ancient of Wind | 3 | |
| Chimaera Roost | 2 | |
| Tree of Life | 3 | |
35 total
» build order
00:21 Altar of Elders
00:34 Moon Well
01:37 Hunter's Hall
01:59 Ancient of Wonders
02:15 Moon Well
02:37 Ancient of War
04:04 Moon Well
04:09 Moon Well
04:19 Ancient of War
04:25 Moon Well
06:10 Tree of Ages
07:34 Moon Well
07:42 Moon Well
08:34 Tree of Eternity
08:40 Ancient of Wind
10:57 Chimaera Roost
11:00 Chimaera Roost
12:51 Moon Well
13:53 Tree of Life
14:11 Moon Well
15:58 Tree of Life
32:45 Hunter's Hall
32:57 Moon Well
33:28 Moon Well
33:34 Moon Well
35:29 Moon Well
35:56 Moon Well
36:02 Ancient of Wind
36:07 Ancient of Wind
36:38 Moon Well
37:36 Moon Well
37:40 Moon Well
38:09 Moon Well
38:17 Tree of Life
41:05 Moon Well
» items
| Scroll of Town Portal | 1 | |
| Orb of Venom | 1 | |
| Potion of Lesser Invulnerability | 1 | |
| Staff of Teleportation | 2 | |
| Staff of Preservation | 1 | |
6 total
team 2 (winner)
ZombieMachoMan (
red | 71 APM | 3782 actions | 53:37)
6 Archmage
3 Blizzard
2 Brilliance Aura
1 Mass Teleport
5 Blood Mage
3 Flame Strike
2 Siphon Mana
» actions
| Assign group hotkey | 85 | |
| Basic commands | 121 | |
| Build / train | 173 | |
| ESC pressed | 4 | |
| Enter build submenu | 47 | |
| Enter hero's abilities submenu | 11 | |
| Give item / drop item | 7 | |
| Right click | 1554 | |
| Select / deselect | 693 | |
| Select group hotkey | 679 | |
| Use ability | 407 | |
3782 total
» units
| Peasant | 29 | |
| Mortar Team | 3 | |
| Sorceress | 2 | |
| Dragonhawk Rider | 6 | |
| Flying Machine | 25 | |
| Goblin Shredder | 1 | |
| Priest | 1 | |
| Goblin Zeppelin | 1 | |
68 total
» upgrades
| Masonry | 3 | |
| Sorceress Training | 2 | |
| Gunpowder | 3 | |
| Magic Sentry | 1 | |
| Flare | 1 | |
| Fragmentation Shards | 1 | |
| Cloud | 1 | |
| Flak Cannons | 1 | |
| Plating | 3 | |
| Flying Machine Bombs | 1 | |
| Swords | 3 | |
| Armor | 3 | |
| Priest Training | 2 | |
| Lumber Harvesting | 1 | |
26 total
» buildings
| Altar of Kings | 1 | |
| Farm | 10 | |
| Arcane Vault | 1 | |
| Lumber Mill | 1 | |
| Scout Tower | 63 | |
| Arcane Tower | 6 | |
| Town Hall | 3 | |
| Guard Tower | 20 | |
| Keep | 1 | |
| Blacksmith | 1 | |
| Castle | 1 | |
| Arcane Sanctum | 1 | |
| Workshop | 2 | |
| Gryphon Aviary | 4 | |
115 total
» build order
00:04 Altar of Kings
00:24 Farm
00:49 Arcane Vault
01:04 Farm
01:20 Lumber Mill
01:52 Scout Tower
02:09 Scout Tower
02:30 Farm
03:01 Farm
03:02 Arcane Tower
03:53 Scout Tower
03:55 Scout Tower
04:33 Town Hall
04:36 Scout Tower
04:38 Scout Tower
04:39 Scout Tower
04:40 Scout Tower
04:41 Scout Tower
04:55 Guard Tower
05:21 Guard Tower
05:23 Scout Tower
05:24 Scout Tower
05:56 Guard Tower
05:57 Scout Tower
05:59 Guard Tower
05:59 Guard Tower
06:00 Guard Tower
06:16 Guard Tower
06:29 Arcane Tower
06:44 Guard Tower
06:47 Scout Tower
06:48 Scout Tower
07:31 Keep
07:41 Guard Tower
08:23 Blacksmith
08:37 Scout Tower
08:38 Scout Tower
09:05 Guard Tower
09:05 Guard Tower
10:00 Castle
10:36 Arcane Sanctum
10:37 Workshop
10:55 Farm
10:55 Farm
11:25 Gryphon Aviary
11:25 Gryphon Aviary
11:58 Gryphon Aviary
12:00 Gryphon Aviary
12:42 Scout Tower
12:43 Scout Tower
12:45 Scout Tower
12:48 Scout Tower
12:49 Scout Tower
13:17 Guard Tower
13:21 Scout Tower
13:21 Scout Tower
13:22 Scout Tower
13:23 Scout Tower
13:25 Scout Tower
13:26 Scout Tower
13:58 Guard Tower
15:33 Guard Tower
16:29 Farm
16:29 Farm
16:30 Farm
34:39 Town Hall
34:44 Scout Tower
34:45 Scout Tower
34:45 Scout Tower
34:46 Scout Tower
34:46 Scout Tower
34:47 Scout Tower
34:48 Scout Tower
34:48 Scout Tower
34:56 Scout Tower
34:57 Scout Tower
34:57 Scout Tower
34:58 Scout Tower
34:59 Scout Tower
34:59 Scout Tower
35:00 Scout Tower
35:00 Scout Tower
36:09 Guard Tower
37:07 Scout Tower
37:08 Scout Tower
37:22 Farm
37:40 Arcane Tower
37:53 Scout Tower
37:54 Scout Tower
37:54 Scout Tower
40:03 Scout Tower
40:03 Scout Tower
40:04 Scout Tower
40:05 Scout Tower
40:05 Scout Tower
40:06 Scout Tower
40:06 Scout Tower
40:07 Scout Tower
40:34 Guard Tower
40:45 Arcane Tower
40:48 Arcane Tower
40:50 Guard Tower
41:05 Guard Tower
41:11 Town Hall
41:14 Arcane Tower
52:41 Scout Tower
52:43 Scout Tower
52:43 Scout Tower
52:45 Scout Tower
52:45 Scout Tower
52:46 Scout Tower
52:47 Scout Tower
53:15 Guard Tower
» items
| Mechanical Critter | 4 | |
| Lesser Clarity Potion | 4 | |
| Scroll of Regeneration | 6 | |
| Potion of Healing | 6 | |
| Scroll of Town Portal | 5 | |
| Potion of Mana | 3 | |
| Staff of Sanctuary | 1 | |
| Scroll of Healing | 1 | |
| Potion of Lesser Invulnerability | 1 | |
| Periapt of Vitality | 2 | |
| Staff of Teleportation | 2 | |
| Boots of Speed | 2 | |
| Potion of Invisibility | 1 | |
38 total
Chat log
(25:40 / All) billenbocker: interesting strat, takes a lot of guts...and skill
(49:20 / All) billenbocker: dude are you going to win this or what....
(49:45 / All) billenbocker: this has to be the lamest strategy ever, nice and all, but lame
(50:42 / All) billenbocker: come fight me, i will be at the well
(51:07 / All) billenbocker: i have no gold or anything so you will win after...
(52:31 / All) billenbocker: lol still hide behind your towers till the end huh
(52:35 / All) ZombieMachoMan: me no english
(52:43 / All) billenbocker: right
(52:51 / All) ZombieMachoMan: ¿què?
(53:18 / All) billenbocker: i can't believe i stayed this long
(53:21 / All) billenbocker: lame game coward
(53:24 / All) ZombieMachoMan: buh bye